[ PARTIDA AOE2 · #514133196 ]
UnrankedShu vs Wu
Equipo del jugador · VICT
Equipo rival · DERR
[ ANÁLISIS DE REPETICIÓN · EXTRAÍDO DE LA PARTIDA GRABADA ]
Feudal
11:09
Castillos
22:15
Imperial
—
| APM promedio | 83.6 |
| APM pico | 119 |
| eAPM promedio | 28.3 |
| Aldeanos / militares | 58 / 72 |
Foco
⚔️ 36.1% · 🌾 63.9%
Archer ×54 · Skirmisher ×9 · Mangonel ×8 · Spearman ×1
Feudal
12:30
Castillos
22:57
Imperial
—
| APM promedio | 78.2 |
| APM pico | 115 |
| eAPM promedio | 29.2 |
| Aldeanos / militares | 60 / 38 |
Foco
⚔️ 43.5% · 🌾 56.5%
Skirmisher ×26 · Unknown (1974) ×12 · Militia ×6 · Mangonel ×6
Mapa de la partida
Recursos iniciales + cada clic de construcción. Líneas = muros · curvas = relieve. ◆ oro · ⬟ piedra · ● bayas · ✦ reliquia · ◌ hueco del cierre
Tu base· Abierta — hueco de 3t
Base de Macluffy· Abierta — hueco de 4t
Terreno inicial suavizado · ◌ = hueco del cierre detectado · pasá el cursor para detalles
Inputs por minuto
— Smokey - - Macluffy
Build order — Smokey
Primeras 150 de 221 acciones detectadas
| 0:00 | Encolar | Villager (Male) |
| 0:01 | Encolar | Villager (Male) |
| 0:01 | Encolar | Villager (Male) |
| 0:02 | Construir | House |
| 0:03 | Construir | House |
| 0:52 | Encolar | Villager (Male) |
| 1:31 | Encolar | Villager (Male) |
| 1:45 | Construir | Lumber Camp |
| 1:50 | Investigar | Loom |
| 1:50 | Investigar | Loom |
| 2:15 | Encolar | Villager (Male) |
| 2:15 | Encolar | Villager (Male) |
| 3:16 | Encolar | Villager (Male) |
| 3:16 | Encolar | Villager (Male) |
| 3:17 | Encolar | Villager (Male) |
| 3:17 | Encolar | Villager (Male) |
| 3:51 | Construir | House |
| 3:52 | Construir | House |
| 4:09 | Construir | Palisade Wall |
| 4:13 | Construir | Palisade Wall |
| 4:15 | Construir | Palisade Wall |
| 4:17 | Encolar | Villager (Male) |
| 4:18 | Encolar | Villager (Male) |
| 4:31 | Construir | Palisade Wall |
| 4:33 | Construir | Palisade Wall |
| 5:12 | Encolar | Villager (Male) |
| 5:29 | Encolar | Villager (Male) |
| 5:29 | Encolar | Villager (Male) |
| 5:47 | Construir | Palisade Wall |
| 5:48 | Construir | Palisade Wall |
| 5:48 | Construir | Palisade Wall |
| 5:49 | Construir | Palisade Wall |
| 5:49 | Construir | Palisade Wall |
| 5:50 | Construir | Palisade Wall |
| 5:50 | Construir | Palisade Wall |
| 5:51 | Construir | Palisade Wall |
| 5:56 | Encolar | Villager (Male) |
| 6:11 | Construir | Palisade Wall |
| 6:11 | Construir | Palisade Wall |
| 6:17 | Encolar | Villager (Male) |
| 6:18 | Encolar | Villager (Male) |
| 6:49 | Encolar | Villager (Male) |
| 6:57 | Construir | Palisade Gate |
| 7:09 | Construir | Mill |
| 7:23 | Construir | Palisade Wall |
| 7:27 | Encolar | Villager (Male) |
| 7:46 | Construir | House |
| 7:57 | Construir | Palisade Wall |
| 8:59 | Investigar | Feudal Age |
| 8:59 | Investigar | Feudal Age |
| 9:04 | Construir | Lumber Camp |
| 10:06 | Construir | Mining Camp |
| 10:27 | Construir | Barracks |
| 11:04 | Encolar | Villager (Male) |
| 11:09 | Edad | Edad Feudal |
| 11:11 | Construir | Archery Range |
| 11:12 | Encolar | Spearman |
| 11:18 | Construir | Palisade Wall |
| 11:20 | Construir | Palisade Wall |
| 11:21 | Construir | Palisade Wall |
| 11:32 | Encolar | Villager (Male) |
| 11:42 | Investigar | Double-Bit Axe |
| 11:55 | Encolar | Villager (Male) |
| 11:57 | Encolar | Archer |
| 12:03 | Construir | Archery Range |
| 12:05 | Construir | Farm |
| 12:08 | Encolar | Villager (Male) |
| 12:17 | Encolar | Archer |
| 12:23 | Construir | House |
| 12:30 | Construir | Farm |
| 12:40 | Encolar | Villager (Male) |
| 12:46 | Construir | Palisade Wall |
| 12:47 | Construir | Palisade Wall |
| 12:53 | Construir | House |
| 12:57 | Encolar | Archer |
| 12:57 | Encolar | Archer |
| 13:00 | Encolar | Villager (Male) |
| 13:11 | Construir | Palisade Wall |
| 13:25 | Encolar | Archer |
| 13:26 | Encolar | Villager (Male) |
| 13:27 | Construir | Farm |
| 13:30 | Construir | Farm |
| 13:32 | Construir | House |
| 13:36 | Encolar | Archer |
| 14:02 | Encolar | Villager (Male) |
| 14:04 | Construir | Blacksmith |
| 14:08 | Encolar | Archer |
| 14:08 | Encolar | Archer |
| 14:13 | Encolar | Villager (Male) |
| 14:26 | Construir | Farm |
| 14:44 | Encolar | Skirmisher |
| 14:44 | Encolar | Skirmisher |
| 14:48 | Investigar | Fletching |
| 14:48 | Investigar | Fletching |
| 14:53 | Encolar | Villager (Male) |
| 14:57 | Construir | House |
| 15:01 | Construir | Farm |
| 15:31 | Encolar | Archer |
| 15:31 | Encolar | Archer |
| 15:32 | Encolar | Villager (Male) |
| 15:32 | Encolar | Villager (Male) |
| 15:40 | Construir | Farm |
| 15:48 | Construir | Farm |
| 15:50 | Encolar | Archer |
| 15:50 | Encolar | Archer |
| 16:13 | Encolar | Villager (Male) |
| 16:15 | Construir | Farm |
| 16:19 | Construir | Farm |
| 16:41 | Encolar | Skirmisher |
| 16:42 | Encolar | Skirmisher |
| 16:43 | Encolar | Villager (Male) |
| 16:45 | Construir | House |
| 16:50 | Construir | Farm |
| 17:08 | Encolar | Skirmisher |
| 17:08 | Encolar | Skirmisher |
| 17:37 | Encolar | Villager (Male) |
| 17:42 | Construir | Farm |
| 17:45 | Construir | Farm |
| 17:46 | Encolar | Villager (Male) |
| 17:51 | Encolar | Skirmisher |
| 17:53 | Encolar | Skirmisher |
| 18:21 | Encolar | Villager (Male) |
| 18:47 | Encolar | Skirmisher |
| 18:54 | Encolar | Villager (Male) |
| 18:58 | Construir | Market |
| 19:00 | Construir | Farm |
| 19:01 | Construir | Farm |
| 19:01 | Construir | Farm |
| 19:07 | Encolar | Archer |
| 19:07 | Encolar | Archer |
| 19:35 | Investigar | Castle Age |
| 19:35 | Investigar | Castle Age |
| 19:40 | Encolar | Archer |
| 19:41 | Encolar | Archer |
| 20:01 | Construir | Archery Range |
| 20:04 | Investigar | Padded Archer Armor |
| 20:04 | Investigar | Padded Archer Armor |
| 20:14 | Investigar | Horse Collar |
| 20:15 | Investigar | Horse Collar |
| 20:17 | Construir | House |
| 20:17 | Construir | House |
| 20:24 | Encolar | Archer |
| 20:24 | Encolar | Archer |
| 20:54 | Encolar | Archer |
| 20:55 | Encolar | Archer |
| 21:07 | Encolar | Archer |
| 21:07 | Encolar | Archer |
| 21:15 | Construir | Lumber Camp |
| 21:31 | Encolar | Villager (Male) |
| 21:34 | Encolar | Archer |
Build order — Macluffy
Primeras 150 de 188 acciones detectadas
| 0:02 | Encolar | Villager (Male) |
| 0:02 | Encolar | Villager (Male) |
| 0:03 | Construir | House |
| 0:05 | Construir | House |
| 0:14 | Encolar | Villager (Male) |
| 0:32 | Encolar | Villager (Male) |
| 1:12 | Encolar | Villager (Male) |
| 1:31 | Construir | Lumber Camp |
| 2:04 | Encolar | Villager (Male) |
| 2:04 | Encolar | Villager (Male) |
| 2:54 | Encolar | Villager (Male) |
| 3:03 | Encolar | Villager (Male) |
| 3:43 | Encolar | Villager (Male) |
| 3:50 | Construir | House |
| 3:57 | Construir | House |
| 4:01 | Construir | Palisade Wall |
| 4:03 | Construir | Palisade Wall |
| 4:05 | Construir | Palisade Wall |
| 4:06 | Construir | Palisade Wall |
| 4:13 | Encolar | Villager (Male) |
| 4:32 | Construir | Barracks |
| 4:39 | Encolar | Villager (Male) |
| 5:01 | Construir | House |
| 5:06 | Encolar | Villager (Male) |
| 5:19 | Encolar | Militia |
| 5:30 | Encolar | Villager (Male) |
| 5:32 | Encolar | Militia |
| 5:57 | Encolar | Villager (Male) |
| 6:00 | Construir | House |
| 6:16 | Encolar | Villager (Male) |
| 6:31 | Encolar | Militia |
| 6:48 | Encolar | Villager (Male) |
| 7:05 | Encolar | Villager (Male) |
| 7:11 | Construir | Mill |
| 7:26 | Encolar | Villager (Male) |
| 7:31 | Encolar | Villager (Male) |
| 7:39 | Encolar | Militia |
| 7:53 | Construir | House |
| 7:54 | Encolar | Villager (Male) |
| 8:24 | Construir | Mill |
| 8:25 | Encolar | Villager (Male) |
| 8:46 | Encolar | Villager (Male) |
| 9:05 | Construir | Farm |
| 9:06 | Construir | Farm |
| 9:13 | Construir | Farm |
| 9:16 | Encolar | Villager (Male) |
| 9:28 | Construir | Farm |
| 9:58 | Encolar | Villager (Male) |
| 10:20 | Investigar | Feudal Age |
| 10:32 | Construir | Mining Camp |
| 10:59 | Construir | Farm |
| 11:03 | Construir | Lumber Camp |
| 11:37 | Encolar | Villager (Male) |
| 11:56 | Construir | House |
| 12:00 | Encolar | Militia |
| 12:01 | Encolar | Militia |
| 12:30 | Edad | Edad Feudal |
| 12:33 | Investigar | Man-at-Arms (upgrade) |
| 12:36 | Construir | Archery Range |
| 12:38 | Encolar | Villager (Male) |
| 12:40 | Investigar | Arson |
| 12:40 | Investigar | Arson |
| 12:41 | Investigar | Double-Bit Axe |
| 12:57 | Encolar | Villager (Male) |
| 13:00 | Construir | House |
| 13:17 | Encolar | Skirmisher |
| 13:19 | Construir | Blacksmith |
| 13:20 | Encolar | Skirmisher |
| 13:31 | Encolar | Villager (Male) |
| 13:37 | Construir | Farm |
| 13:41 | Construir | Palisade Wall |
| 13:46 | Encolar | Skirmisher |
| 13:47 | Encolar | Villager (Male) |
| 13:47 | Encolar | Villager (Male) |
| 14:02 | Encolar | Skirmisher |
| 14:03 | Encolar | Villager (Male) |
| 14:14 | Investigar | Fletching |
| 14:15 | Encolar | Villager (Male) |
| 14:22 | Construir | Palisade Wall |
| 14:25 | Construir | Palisade Wall |
| 14:28 | Encolar | Skirmisher |
| 14:29 | Encolar | Villager (Male) |
| 14:36 | Construir | House |
| 14:53 | Encolar | Skirmisher |
| 14:58 | Encolar | Villager (Male) |
| 15:01 | Encolar | Skirmisher |
| 15:10 | Construir | Farm |
| 15:11 | Construir | Farm |
| 15:12 | Construir | Farm |
| 15:18 | Encolar | Skirmisher |
| 15:35 | Investigar | Padded Archer Armor |
| 15:38 | Construir | Farm |
| 15:39 | Construir | Farm |
| 15:46 | Construir | Farm |
| 16:11 | Encolar | Villager (Male) |
| 16:12 | Investigar | Loom |
| 16:17 | Encolar | Skirmisher |
| 16:20 | Construir | Farm |
| 16:21 | Encolar | Villager (Male) |
| 16:35 | Encolar | Skirmisher |
| 16:40 | Encolar | Skirmisher |
| 16:47 | Encolar | Villager (Male) |
| 16:53 | Construir | Farm |
| 17:02 | Encolar | Villager (Male) |
| 17:20 | Encolar | Skirmisher |
| 17:31 | Encolar | Villager (Male) |
| 17:38 | Encolar | Villager (Male) |
| 17:41 | Investigar | Scale Mail Armor |
| 17:43 | Encolar | Skirmisher |
| 17:43 | Encolar | Villager (Male) |
| 17:46 | Construir | Farm |
| 17:57 | Construir | House |
| 18:18 | Encolar | Skirmisher |
| 18:19 | Encolar | Villager (Male) |
| 18:23 | Encolar | Skirmisher |
| 18:24 | Encolar | Villager (Male) |
| 18:34 | Encolar | Skirmisher |
| 18:42 | Encolar | Villager (Male) |
| 18:44 | Encolar | Skirmisher |
| 18:45 | Encolar | Villager (Male) |
| 18:53 | Encolar | Skirmisher |
| 19:00 | Encolar | Skirmisher |
| 19:04 | Encolar | Villager (Male) |
| 19:06 | Construir | Market |
| 19:09 | Construir | Market |
| 19:15 | Encolar | Skirmisher |
| 19:16 | Encolar | Villager (Male) |
| 19:42 | Encolar | Villager (Male) |
| 20:09 | Construir | Farm |
| 20:17 | Investigar | Castle Age |
| 20:30 | Encolar | Skirmisher |
| 20:30 | Encolar | Skirmisher |
| 20:44 | Encolar | Skirmisher |
| 21:11 | Encolar | Skirmisher |
| 21:12 | Encolar | Skirmisher |
| 21:22 | Construir | Barracks |
| 21:25 | Construir | House |
| 21:26 | Construir | House |
| 21:28 | Investigar | Forging |
| 21:44 | Encolar | Skirmisher |
| 21:45 | Encolar | Villager (Male) |
| 21:47 | Construir | House |
| 22:20 | Construir | Mining Camp |
| 22:57 | Edad | Edad de los Castillos |
| 23:03 | Encolar | Villager (Male) |
| 23:04 | Construir | Siege Workshop |
| 23:09 | Investigar | Squires |
| 23:10 | Encolar | Unit 1974 |
| 23:10 | Encolar | Unit 1974 |
| 23:11 | Encolar | Villager (Male) |
Cronología de la partida
| 4:01 | Macluffy · wall_segment Palisade Wall x1 |
| 4:03 | Macluffy · wall_segment Palisade Wall x1 |
| 4:05 | Macluffy · wall_segment Palisade Wall x1 |
| 4:06 | Macluffy · wall_segment Palisade Wall x1 |
| 4:09 | Smokey · wall_segment Palisade Wall x1 |
| 4:13 | Smokey · wall_segment Palisade Wall x1 |
| 4:15 | Smokey · wall_segment Palisade Wall x1 |
| 4:31 | Smokey · wall_segment Palisade Wall x1 |
| 4:32 | Macluffy · first_building Barracks |
| 4:33 | Smokey · wall_segment Palisade Wall x1 |
| 5:47 | Smokey · wall_segment Palisade Wall x1 |
| 5:48 | Smokey · wall_segment Palisade Wall x1 |
| 5:48 | Smokey · wall_segment Palisade Wall x1 |
| 5:49 | Smokey · wall_segment Palisade Wall x1 |
| 5:49 | Smokey · wall_segment Palisade Wall x1 |
| 5:50 | Smokey · wall_segment Palisade Wall x1 |
| 5:50 | Smokey · wall_segment Palisade Wall x1 |
| 5:51 | Smokey · wall_segment Palisade Wall x1 |
| 6:11 | Smokey · wall_segment Palisade Wall x1 |
| 6:11 | Smokey · wall_segment Palisade Wall x1 |
| 7:23 | Smokey · wall_segment Palisade Wall x1 |
| 7:57 | Smokey · wall_segment Palisade Wall x5 |
| 10:27 | Smokey · first_building Barracks |
| 11:09 | Smokey · age_up feudal |
| 11:11 | Smokey · first_building Archery Range |
| 11:18 | Smokey · wall_segment Palisade Wall x1 |
| 11:20 | Smokey · wall_segment Palisade Wall x1 |
| 11:21 | Smokey · wall_segment Palisade Wall x1 |
| 12:30 | Macluffy · age_up feudal |
| 12:36 | Macluffy · first_building Archery Range |
| 12:46 | Smokey · wall_segment Palisade Wall x1 |
| 12:47 | Smokey · wall_segment Palisade Wall x1 |
| 13:11 | Smokey · wall_segment Palisade Wall x7 |
| 13:41 | Macluffy · wall_segment Palisade Wall x7 |
| 14:22 | Macluffy · wall_segment Palisade Wall x4 |
| 14:25 | Macluffy · wall_segment Palisade Wall x5 |
| 19:35 | Smokey · first_market_buy 100 food |
| 19:56 | Macluffy · first_market_sell 100 stone |
| 19:58 | Macluffy · first_market_buy 100 food |
| 22:15 | Smokey · age_up castle |
| 22:21 | Smokey · first_market_sell 100 stone |
| 22:27 | Smokey · first_building Siege Workshop |
| 22:57 | Macluffy · age_up castle |
| 23:04 | Macluffy · first_building Siege Workshop |
| 23:28 | Macluffy · wall_segment Palisade Wall x1 |
| 30:50 | Macluffy · resign |
[ ANÁLISIS IA · 1 CRÉDITO ]
¿Qué pasó realmente en esta partida?
Wolo.gg analiza cada decisión: build order, eco, micro, errores típicos por bracket. Análisis personalizado por WhatsApp o Discord en 30 segundos.
Guía civ
Shu
Perfil
Jugador #1945281